 Dungeon Crawl Stone Soup version 0.19-a0-1882-gbb73ea0 (webtiles) character file.

105 Lochraine the Sneak (level 5, 0/38 HPs)
             Began as a Human Wanderer on Oct 14, 2016.
             Was an Initiate of Vehumet.
             Slain by a scorpion (3 damage)
             ... on level 3 of the Dungeon.
             The game lasted 00:07:54 (2223 turns).

Lochraine the Sneak (Human Wanderer)                Turns: 2223, Time: 00:07:54

Health: 0/38       AC:  7    Str:  8    XL:     5   Next: 8%
Magic:  5/5        EV: 10    Int: 15    God:    Vehumet [......]
Gold:   88         SH:  0    Dex: 12    Spells: 0 memorised, 4 levels left

rFire  . . .     SeeInvis .     a - +2 dagger
rCold  . . .     Gourm    .     o - +0 ring mail
rNeg   . . .     Faith    .     (no shield)
rPois  .         Spirit   .     (no helmet)
rElec  .         Dismiss  .     (no cloak)
rCorr  .         Reflect  .     (no gloves)
MR     .....     Harm     .     (no boots)
Stlth  ++........               (no amulet)
                                v - +2 ring of protection
                                w - -3 ring of strength (curse)

@: lethally poisoned (0 -> -9)
A: no striking features
a: Renounce Religion


You were on level 3 of the Dungeon.
You worshipped Vehumet.
Vehumet was noncommittal.
You were not hungry.

You visited 1 branch of the dungeon, and saw 3 of its levels.

You collected 88 gold pieces.

Inventory:

Hand Weapons
 a - a +2 dagger (weapon)
 b - a +0 hunting sling
 d - a +0 short sword
 g - a +4 dagger
Missiles
 h - 83 stones (quivered)
 m - 33 sling bullets
Armour
 e - a +0 robe
 o - a +0 ring mail (worn)
Magical Staves
 x - an uncursed staff of summoning
Jewellery
 t - an uncursed ring of see invisible
 v - a +2 ring of protection (right hand)
 w - a cursed -3 ring of strength (left hand)
Scrolls
 i - 2 scrolls of identify
 n - a scroll of teleportation
 q - a scroll of remove curse {unknown}
 r - a scroll of blinking {unknown}
 s - a scroll of fog {unknown}
Potions
 c - 3 potions of curing
 j - 2 potions of heal wounds
 k - a potion of flight {unknown}
 l - a potion of berserk rage
Comestibles
 f - 3 bread rations
 p - 2 meat rations
 u - a beef jerky


   Skills:
 - Level 2.0 Fighting
 - Level 3.0 Short Blades
 + Level 1.9 Armour
 - Level 2.0 Dodging
 - Level 3.2 Stealth
   Level 1.0 Shields
 - Level 2.0 Unarmed Combat


You had 4 spell levels left.
You didn't know any spells.

Dungeon Overview and Level Annotations

Branches:
Dungeon (3/15)

Altars:
Vehumet


Message History

The scorpion is almost dead.
The scorpion barely misses you.
You hit the scorpion but do no damage.
The scorpion is almost dead.
The scorpion misses you.
You hit the scorpion but do no damage.
The scorpion is almost dead.
You feel sick.
The scorpion stings you but does no damage.
You barely miss the scorpion.
The scorpion is almost dead.
The scorpion stings you.
* * * LOW HITPOINT WARNING * * *
You are lethally poisoned!
The scorpion poisons you!
You hit the scorpion.
The scorpion is almost dead.
* * * LOW HITPOINT WARNING * * *
You feel sick. The scorpion stings you.
You die...

+#. .#. # .. #
.##.# .# .... #+# .
#.. #.#.# #..##@#.#
#...s..# #
..###..#.### .#
..........# ##.#
#######...##...####
..
#######..........#
..
.................#
..
#######..........#
..
######.>........#


You could see a scorpion.

Vanquished Creatures
  5 adders
  A worm (D:2)
  A dart slug (D:1)
  2 leopard geckos
  4 giant cockroaches
  5 goblins
  5 hobgoblins
  9 jackals
  8 kobolds
  5 bats
  3 frilled lizards
  5 rats
53 creatures vanquished.

Notes
Turn   | Place    | Note
-------+----------+-------------------------------------------
     0 | D:1      | Lochraine the Human Wanderer began the quest for the Orb.
     0 | D:1      | Lochraine set off with: a +2 dagger, a potion of berserk rage, a potion of curing, a +0 short sword, a +0 robe, a bread ration
     0 | D:1      | Reached XP level 1. HP: 16/16 MP: 1/1
   216 | D:1      | Reached XP level 2. HP: 21/22 MP: 2/2
   481 | D:1      | Reached XP level 3. HP: 19/27 MP: 3/3
  1095 | D:2      | Reached XP level 4. HP: 31/33 MP: 4/4
  1551 | D:2      | Reached skill level 1 in Armour
  1888 | D:2      | Found a radiant altar of Vehumet.
  1927 | D:2      | Became a worshipper of Vehumet
  2010 | D:3      | Reached XP level 5. HP: 30/38 MP: 5/5
  2223 | D:3      | Slain by a scorpion

Vault maps used:
D:1:      onia_arrival_mini_spirals, minivault_14
D:2:      marbit_many_paths
D:3:      grunt_gozag_statues

Skill      XL: |  1  2  3  4 |
---------------+-------------+-----
Short Blades   | 2 3 |  3.0
Stealth        | 3 |  3.2
Armour         | 1 |  1.9
Fighting       | |  2.0
Dodging        | |  2.0
Shields        | |  1.0
Unarmed Combat | |  2.0

Action                   |  1- 3 |  4- 6 || total
-------------------------+-------+-------++-------
Melee: Dagger            |   108 |   118 ||   226
       Punch             |     1 |     1 ||     2
       Short sword       |       |     8 ||     8
 Fire: Hunting sling     |       |    14 ||    14
  Use: Scroll            |       |     2 ||     2
 Stab: Sleeping          |     1 |     1 ||     2
  Eat: Chunk             |     1 |     3 ||     4
Armor: Robe              |    12 |       ||    12
       Ring mail         |    18 |    48 ||    66
Dodge: Dodged            |    66 |    59 ||   125
